cohdb
Replays
Latest Replays
All Replays
Popular Replays
Top Player Replays
Match Explorer
How It Works
Community
CoH3 Stats
Reddit
Sign in to upload your games and track your stats! →
Sign in with Steam
High Risk High Reward 250 Rush to Panzer 3
Match 40464162
Overview
Messages
Build Orders
End
Engineer Squad
Construct Weapon Support Center
Selects Heavy Weapons
Selects Heavy Weapons
M1919 Machine Gun Team
Engineer Squad
Bazooka Squad
M1919 Machine Gun Team
Selects Assault Carriers
Mechanized Support Center
Engineer Squad
M3 Assault Carrier
Bazooka Squad
M3 Assault Carrier
Selects M2HB .50cal Heavy Machine Gun
Construct Motor Pool
Selects Exchangeable Parts
Designate Forward Repair Station
M1 Anti-tank Gun Team
Construct Tank Depot
M4A1 76mm Conversion
M4A1(76) Sherman Medium Tank
Forward Retreat Point
Improvised Armor
M3 Assault Carrier
M1 Anti-tank Gun Team
M1 Anti-tank Gun Team
Selects Rapid Reposition
Selects Black Dragon Artillery Barrage
Black Dragon Artillery Barrage
M4A1(76) Sherman Medium Tank
Black Dragon Artillery Barrage
Engineer Squad
M3 Assault Carrier
Designate Forward Repair Station
Selects M26 Pershing Heavy Tank
M4A1(76) Sherman Medium Tank
Designate Forward Repair Station
Engineer Squad
M26 Pershing Heavy Tank
ESAD
Alika-v
Bro, I am in trouble, too.
Jimi Mayer
Mochi_flamer
Weissweinschorle - Das Original
INTEL
LegendPistachios
0
0
Comments
sign in to comment!
No comments posted yet!